 Seeded DCSS version 0.29-a0-375-g5102b3be25 (webtiles) character file.

Game seed: 13605594255664981076 (custom seed)

3988 thiscave3701365 the Cleaver (level 10, -3/86 HPs)
             Began as a Minotaur Berserker on May 3, 2022.
             Was a Priest of Trog.
             Killed from afar by a manticore (7 damage)
             ... with a volley of spikes
             ... on level 7 of the Dungeon.
             The game lasted 00:09:03 (10782 turns).

thiscave3701365 the Cleaver (Minotaur Berserker)   Turns: 10782, Time: 00:09:04

Health: -3/86      AC: 14    Str: 27    XL:     10   Next: 3%
Magic:  9/9        EV:  8    Int:  4    God:    Trog [***...]
Gold:   297        SH:  0    Dex:  9    Spells: 9/9 levels left

rFire   . . .      SeeInvis .   a - +0 hand axe
rCold   . . .      Faith    .   (no shield)
rNeg    . . .      Spirit   .   y - +0 plate armour
rPois   .          Reflect  .   (helmet restricted)
rElec   .          Harm     .   A - +0 cloak
rCorr   .          Rampage  .   (no gloves)
Will    .....                   (no boots)
Stlth   ..........              (no amulet)
HPRegen 0.24/turn               (no ring)
MPRegen 0.11/turn               (no ring)

@: spiked
A: horns 2, retaliatory headbutt
a: Renounce Religion, Berserk, Trog's Hand


You were on level 7 of the Dungeon.
You worshipped Trog.
Trog was most pleased with you.
You visited 1 branch of the dungeon, and saw 7 of its levels.
You also visited: Ossuary.

You collected 297 gold pieces.

Inventory:

Hand Weapons
 a - a +0 hand axe (weapon)
Armour
 y - a +0 plate armour (worn)
 A - a +0 cloak (worn)
Jewellery
 r - a ring of protection from cold
Wands
 u - a wand of digging (3)
 v - a wand of charming (10)
 x - a wand of polymorph (4)
Scrolls
 b - 2 scrolls of vulnerability
 e - 8 scrolls of identify {unknown}
 g - a scroll of magic mapping {unknown}
 h - a scroll of fog
 k - a scroll of poison
 p - a scroll of teleportation
Potions
 c - a potion of brilliance {unknown}
 d - 2 potions of degeneration {unknown}
 f - 4 potions of haste {unknown}
 j - a potion of flight {unknown}
 l - a potion of might {unknown}
 m - a potion of ambrosia {unknown}
 n - a potion of magic {unknown}
 o - 3 potions of lignification {unknown}
 s - 3 potions of heal wounds {unknown}
 t - 3 potions of mutation {unknown}
 z - 3 potions of curing


   Skills:
 + Level 7.0 Fighting
 + Level 14.7 Axes
 + Level 7.1 Armour
 + Level 3.1 Dodging
 + Level 0.1 Stealth


You had 9 spell levels left.
You didn't know any spells.
Your spell library was empty.

Dungeon Overview and Level Annotations

Branches:
Dungeon (7/15)             Temple (0/1) D:4         Ossuary (visited)

Altars:
Ashenzari
Cheibriados
Gozag
Makhleb
Nemelex Xobeh
Okawaru
Uskayaw

Shops:
D:6 !


Innate Abilities, Weirdness & Mutations

You have a pair of horns on your head.
You reflexively headbutt those who attack you in melee.


Message History

The white imp is almost dead.
You slash the white imp!
You kill the white imp!
Trog accepts your kill.
You start resting.
You recover from your berserk rage.
You start resting.
You start resting.
A manticore comes into view.
A manticore is nearby!
A manticore is nearby!
A manticore is nearby!
The manticore flicks its tail.
The volley of spikes hits you.
The barbed spikes become lodged in your body.
The barbs in your skin will harm you if you move.
Continue?
Okay, then.
The manticore flicks its tail.
The volley of spikes hits you!
The barbed spikes become lodged in your body.
The manticore flicks its tail.
The volley of spikes hits you.
The barbed spikes become lodged in your body.
The manticore flicks its tail.
The volley of spikes hits you!
The barbed spikes become lodged in your body.
* * * LOW HITPOINT WARNING * * *
The manticore flicks its tail.
The volley of spikes hits you.
The barbed spikes become lodged in your body.
* * * LOW HITPOINT WARNING * * *
The manticore flicks its tail.
The volley of spikes hits you!
The barbed spikes become lodged in your body.
* * * LOW HITPOINT WARNING * * *
You are too injured to fight recklessly!
The manticore flicks its tail.
The volley of spikes hits you!
The barbed spikes become lodged in your body.
You die...

#....# #....#
..#######÷...####.# .
...........)...........
..##...##)..).#### ....
....... #...).####.....
....... #........#.....
######.......##...)).........
................@#.))........
......#.....H....#...........
.....§#..........#...........
......# #########)....#.####
......# ##.....#.##.# ....###
#....).#..... ....#
####......#..#... ....#
#................. ....#
####.##..)..........


You could see a manticore.

Vanquished Creatures
  A cyclops (D:6)
  A troll (D:7)
  A hornet (D:6)
  A yak (D:7)
  A wyvern (D:7)
  A vampire mosquito (D:7)
  2 water moccasins (D:6)
  3 ice beasts
  An orc warrior (D:7)
  A sky beast (D:7)
  2 black bears
  3 ogres
  A centaur (D:7)
  3 phantoms
  2 kobold brigands (D:7)
  2 elf zombies (Ossuary)
  2 necrophages (D:5)
  2 scorpions (D:6)
  A centaur zombie (Ossuary)
  A hound (D:5)
  A human zombie (Ossuary)
  2 orc priests (D:4)
  A jelly (D:6)
  2 gnoll shamans
  An iguana (D:3)
  5 orc wizards
  3 mummies
  17 gnolls
  9 adders
  2 white imps (D:7)
  2 ufetubi
  An adder zombie (Ossuary)
  A worm (D:5)
  31 orcs
  4 endoplasms
  3 giant cockroaches
  8 goblins
  4 hobgoblins
  3 jackals (D:1)
  A quokka (D:4)
  10 ball pythons
  A bat (D:3)
  3 frilled lizards
  A goblin zombie (Ossuary)
  11 hobgoblin zombies (Ossuary)
  7 kobolds
  9 kobold zombies (Ossuary)
  6 orc zombies (Ossuary)
  7 rats
  4 rat zombies (Ossuary)
192 creatures vanquished.

Notes
Turn   | Place    | Note
-------+----------+-------------------------------------------
     0 | D:1      | thiscave3701365 the Minotaur Berserker began the quest for
                  | the Orb.
     0 | D:1      | Reached XP level 1. HP: 19/19 MP: 0/0
   471 | D:1      | Found a faded altar of an unknown god.
   557 | D:1      | Reached XP level 2. HP: 27/27 MP: 1/1
   817 | D:1      | Reached skill level 4 in Axes
  1149 | D:2      | Reached ** piety under Trog
  1246 | D:2      | Reached XP level 3. HP: 21/33 MP: 2/2
  1252 | D:2      | Reached skill level 5 in Axes
  1832 | D:2      | Reached XP level 4. HP: 40/40 MP: 3/3
  2392 | D:3      | Reached skill level 6 in Axes
  2552 | D:3      | Reached XP level 5. HP: 39/46 MP: 4/4
  2883 | D:3      | Found a burning altar of Makhleb.
  2883 | D:3      | Found a hide-covered altar of Uskayaw.
  3839 | D:4      | Noticed an ogre
  3848 | D:4      | Killed an ogre
  3849 | D:4      | Reached skill level 7 in Axes
  4033 | D:4      | Found a staircase to the Ecumenical Temple.
  4100 | D:4      | Found an opulent altar of Gozag.
  4100 | D:4      | Found a sparkling altar of Nemelex Xobeh.
  4193 | D:4      | Reached XP level 6. HP: 52/52 MP: 5/5
  4374 | D:4      | Reached skill level 8 in Axes
  4527 | D:4      | Found a snail-covered altar of Cheibriados.
  4771 | D:4      | Found an iron altar of Okawaru.
  5139 | D:5      | Entered Level 5 of the Dungeon
  5176 | D:5      | Reached skill level 9 in Axes
  5292 | D:5      | Reached XP level 7. HP: 58/58 MP: 6/6
  5701 | D:5      | Reached skill level 10 in Axes
  6213 | D:5      | Reached skill level 11 in Axes
  6473 | D:5      | Reached XP level 8. HP: 43/66 MP: 7/7
  6667 | D:5      | Found a broken altar of Ashenzari.
  6835 | D:5      | Reached skill level 12 in Axes
  7162 | D:6      | Noticed a hornet
  7166 | D:6      | Paralysed by a hornet for 3 turns
  7173 | D:6      | Killed a hornet
  7858 | D:6      | Noticed a cyclops
  7868 | D:6      | Killed a cyclops
  7869 | D:6      | Reached skill level 13 in Axes
  7872 | D:6      | Reached XP level 9. HP: 73/73 MP: 8/8
  7885 | D:6      | Reached skill level 5 in Fighting
  8282 | D:6      | Reached skill level 5 in Armour
  8620 | D:6      | Found Yssic's Distillery.
  8988 | D:7      | Noticed a troll
  8992 | D:7      | Killed a troll
  9159 | D:7      | Reached skill level 14 in Axes
  9187 | D:7      | Found a sand-covered staircase.
  9262 | Ossuary  | Entered an ossuary
  9815 | Ossuary  | Reached *** piety under Trog
 10455 | D:7      | Reached XP level 10. HP: 13/86 MP: 9/9
 10774 | D:7      | Noticed a manticore
 10781 | D:7      | HP: 4/86 [manticore/volley of spikes (13)]
 10782 | D:7      | Killed from afar by a manticore

Illustrated notes

Levels and vault maps discovered:
D:1:      wander_arrival_lonely_grave, layout_basic,
          ebering_ecumenical_altar_rust
D:2:      layout_basic, minmay_misc_feat_tower, grunt_decor_mini_mirrors
D:3:      layout_basic, mainiacjoe_overflow_divided_tiny
D:4:      layout_loops_ring, grunt_temple_overflow_opulence,
          general_overflow_altar, mainiacjoe_overflow_24_doors, temple_doors_ab
D:5:      layout_basic, mainiacjoe_overflow_paths
D:6:      layout_basic, serial_shops, nicolae_shop_behind_doors,
          minmay_increasing_density
D:7:      layout_basic, nicolae_ossuary_entry_giza, minmay_manual_mess

Skill      XL: |  1  2  3  4  5  6  7  8  9 |
---------------+----------------------------+-----
Axes           | 4 5 6 7 9 11 13 14 | 14.7
Fighting       | 4 7 |  7.0
Armour         | 4 7 |  7.1
Dodging        | 3 |  3.1
Stealth        | |  0.1

Action                   |  1- 3 |  4- 6 |  7- 9 | 10-12 || total
-------------------------+-------+-------+-------+-------++-------
Melee: Hand axe          |    52 |   140 |   287 |    22 ||   501
       Headbutt          |     6 |    24 |    50 |     2 ||    82
       Punch             |     1 |     2 |     3 |       ||     6
Invok: Berserk           |     1 |     8 |    14 |     1 ||    24
  Use: Scroll            |       |       |     9 |       ||     9
Armor: Animal skin       |     6 |       |       |       ||     6
       Scale mail        |     4 |     3 |       |       ||     7
       Chain mail        |       |    49 |    35 |       ||    84
       Plate armour      |       |       |    95 |     6 ||   101
Dodge: Dodged            |    44 |    57 |    88 |     1 ||   190

Table legend: (Time is in decaauts)
 A = Elapsed time spent in this place.
 B = Non-inter-level travel time spent in this place.
 C = Inter-level travel time spent in this place.
 D = Time resting spent in this place.
 E = Time spent auto-exploring this place.
 F = Levels seen in this place.
 G = Mean time per level.
                   A        B        C        D        E       F      G
               +--------+--------+--------+--------+--------+-----+--------+
         Total |  10913 |  10557 |    356 |   4364 |   5162 |   8 | 1364.1 |
       Dungeon |   9943 |   9587 |    356 |   3580 |   5075 |   7 | 1420.4 |
       Ossuary |    970 |    970 |      0 |    784 |     87 |   1 |  970.0 |
               +--------+--------+--------+--------+--------+-----+--------+

Top non-repeatable levels by time:
     D:5: 2050 daAuts
     D:6: 1889 daAuts
     D:3: 1463 daAuts
     D:4: 1339 daAuts
     D:2: 1283 daAuts
     D:1: 1115 daAuts
 Ossuary: 970 daAuts
     D:7: 802 daAuts
